 Dungeon Crawl Stone Soup version 0.28.0-45-g0d030f2227 (webtiles) character file.

Game seed: 7271373750122011180

2788 Icepheonix32 the Cudgeller (level 9, -5/69 HPs)
             Began as a Demonspawn Fighter on Apr 12, 2022.
             Blown up by Joseph (20 damage)
             ... with a mindburst bolt
             ... on level 7 of the Dungeon.
             The game lasted 00:10:48 (6794 turns).

Icepheonix32 the Cudgeller (Demonspawn Fighter)     Turns: 6794, Time: 00:10:48

Health: -5/69      AC: 17    Str: 23    XL:     9   Next: 43%
Magic:  0/9        EV:  9    Int: 10    God:
Gold:   278        SH:  5    Dex: 12    Spells: 8/8 levels left

rFire   . . .      SeeInvis .   k - +4 mace of Ucsu Zay {spect, Str+2}
rCold   . . .      Faith    .   c - +0 buckler
rNeg    . . .      Spirit   +   i - +0 storm dragon scales
rPois   .          Reflect  .   (no helmet)
rElec   +          Harm     .   (no cloak)
rCorr   .          Rampage  .   o - +2 pair of gloves
Will    .....                   s - +0 pair of boots
Stlth   ..........              n - amulet of guardian spirit
HPRegen 0.21/turn               q - ring of wizardry
MPRegen 0.11/turn               (no ring)

@: no status effects
A: demonic guardian 2, sturdy frame 1, weakness stinger 2
a: no special abilities


You were on level 7 of the Dungeon.
You visited 1 branch of the dungeon, and saw 7 of its levels.
You also visited: Ossuary.

You collected 278 gold pieces.

Inventory:

Hand Weapons
 k - the +4 mace of Ucsu Zay (weapon) {spect, Str+2}
   (You found it on level 2 of the Dungeon)

   When its wielder attacks, the weapon's spirit leaps out and strikes again.
   The spirit shares a part of any damage it takes with its wielder.
   Str:       It affects your strength (+2).
 y - the +8 scimitar of the Vase {protect, rElec rPois Int-5 Dex-2}
   (You found it in an ossuary)

   It grants its wielder temporary protection when it strikes (+7 to AC).
   Int:       It affects your intelligence (-5).
   Dex:       It affects your dexterity (-2).
   rElec:     It insulates you from electricity.
   rPois:     It protects you from poison.
Armour
 c - a +0 buckler (worn)
 i - +0 storm dragon scales (worn)
 o - a +2 pair of gloves (worn)
 s - a +0 pair of boots (worn)
 C - +0 acid dragon scales
Jewellery
 n - an amulet of guardian spirit (around neck)
 q - a ring of wizardry (left hand)
Wands
 t - a wand of flame (12)
 A - a wand of digging (4)
Scrolls
 a - a scroll of torment {unknown}
 e - a scroll of silence
 f - a scroll of acquirement {unknown}
 j - 2 scrolls of magic mapping {unknown}
 m - a scroll of teleportation
 v - a scroll of fog
 x - a scroll of fear
 z - a scroll of immolation
Potions
 d - a potion of might
 g - 2 potions of brilliance {unknown}
 h - 2 potions of degeneration {unknown}
 l - 2 potions of mutation {unknown}
 p - 4 potions of curing {unknown}
 r - a potion of haste {unknown}
 u - 2 potions of heal wounds {unknown}
 w - a potion of berserk rage {unknown}
 B - 2 potions of lignification {unknown}


   Skills:
 + Level 5.8 Fighting
 + Level 3.4 Long Blades
 + Level 7.8 Maces & Flails
 + Level 5.8 Armour
 + Level 1.9 Dodging
 + Level 1.4 Stealth
 + Level 4.4 Shields
 + Level 1.5 Evocations


You had 8 spell levels left.
You didn't know any spells.
Your spell library contained the following spells:

 Spells                   Type           Power      Damage    Failure   Level
 Shock                    Conj/Air       0%         1d3       61%         1
 Blink                    Tloc           0%         N/A       75%         2
 Lesser Beckoning         Tloc           0%         N/A       91%         3
 Swiftness                Air            0%         N/A       91%         3
 Tukima's Dance           Hex            0%         N/A       91%         3
 Airstrike                Air            0%         N/A       100%        4
 Passage of Golubria      Tloc           0%         N/A       100%        4
 Manifold Assault         Tloc           0%         N/A       100%        5
 Yara's Violent Unravell  Hex/Tmut       0%         3d3       100%        5


Dungeon Overview and Level Annotations

Branches:
Dungeon (7/15)             Temple (0/1) D:7         Ossuary (visited)

Altars:
Elyvilon
Qazlal
Vehumet
The Shining One

Shops:
D:6 *   D:7 *

Annotations:
D:4 3 runed translucent doors, dornbeast's ghost, weakling DsDe
D:5 2 transporters, GilGalad's ghost, novice DjFE
D:6 2 runed translucent doors, crux's ghost, novice OpTm
D:7 Joseph


Innate Abilities, Weirdness & Mutations

A demonic guardian rushes to your aid.
Your movements are slightly less encumbered by armour. (ER -2)
You have a tail ending in a sharp stinger.


Message History

No target in view!
You see here a +0 spear.
Things that are here:
a +0 club; a gnoll corpse
Things that are here:
a +0 club; a gnoll corpse You see here a +0 spear.
You see here a +0 club.
Found a stone staircase leading up.
There is a stone staircase leading up here.
l - 2 orange potions (gained 1)
A sourceless malevolence fills the Dungeon...
You fall into a shaft and drop 1 floor!
The shaft crumbles and collapses.
Found 30 stones.
Found a staircase to the Ecumenical Temple.
Found a stone staircase leading up.
There is a stone staircase leading up here.
Found 14 gold pieces.
You now have 278 gold pieces (gained 14).
Joseph, a Mercenary comes into view.
He is wielding a +0 quarterstaff, wearing a +1 ring mail of cold resistance and carrying a wand of mindburst (10).
Found Qefemica's Elemental Accessories.
Joseph shouts!
Joseph zaps a wand.
You struggle to resist.
Joseph zaps a wand.
Your mind is blasted!
Joseph unwields a +0 quarterstaff.
Joseph wields a +0 hunting sling.
Joseph shoots a sling bullet.
The sling bullet closely misses you.
Joseph zaps a wand.
Your mind is blasted!
Joseph shoots a sling bullet.
You block the sling bullet.
Joseph zaps a wand.
Your mind is blasted!
You barely miss Joseph. You tail-slap Joseph.
Joseph is lightly wounded.
Your +4 mace of Ucsu Zay {spect, Str+2} hits Joseph!
Joseph zaps a wand.
Your mind is blasted!
* * * LOW HITPOINT WARNING * * *
You sock Joseph!
Joseph is moderately wounded.
Your +4 mace of Ucsu Zay {spect, Str+2} hits Joseph.
Joseph zaps a wand.
Your mind is blasted!
You die...

........# ### ###
#....#..##### .
#....##..#..## .##
..... #..#.##. ..#
..##.
##.#.##.##.#######
.# ##
#...##...........
. #..## #........#
##.#####...≈....#
#.........@@(...#
#..####..#.∩.≈..#
#..## #.........#
....## #....§...##
##### #........#
#.....#### #######


You could see Joseph and a friendly +4 mace of Ucsu Zay {spect, Str+2}
(summoned).

Vanquished Creatures
  Pikel (D:6)
  Maggie (D:6)
  Prince Ribbit (D:5)
  A black bear (D:4)
  An ice beast (D:5)
  An orc warrior (D:5)
  An ogre (D:4)
  2 necrophages
  A phantom (D:5)
  2 lemures (D:6)
  2 elf zombies (Ossuary)
  3 scorpions (D:5)
  2 electric eels (D:3)
  A crimson imp (D:4)
  A bullfrog zombie (D:6)
  A human zombie (Ossuary)
  2 hounds
  2 centaur skeletons
  2 orc priests
  A jelly (D:5)
  2 iguanas
  8 orc wizards
  A hound zombie (D:5)
  A hound skeleton (D:4)
  2 mummies (Ossuary)
  A howler monkey zombie (D:5)
  4 gnolls (D:6)
  A howler monkey skeleton (D:4)
  6 adders
  3 adder zombies
  2 worms
  A dart slug (D:1)
  23 orcs
  4 ball pythons
  6 endoplasms
  A giant cockroach (D:2)
  11 goblins
  6 hobgoblins
  3 jackals (D:1)
  5 kobolds
  3 quokkas
  13 bats
  2 frilled lizards
  2 goblin skeletons (D:4)
  3 goblin zombies
  12 hobgoblin zombies
  4 jackal zombies (Ossuary)
  9 kobold zombies
  11 orc zombies
  8 rats
187 creatures vanquished.

Vanquished Creatures (collateral kills)
  A gnoll shaman (D:6)
  An endoplasm (D:2)
  A kobold (D:4)
  A rat (D:2)
4 creatures vanquished.

Vanquished Creatures (others)
  An orc wizard (D:6)
  13 fungi
  2 plants (D:3)
16 creatures vanquished.

Grand Total: 207 creatures vanquished

Notes
Turn   | Place    | Note
-------+----------+-------------------------------------------
     0 | D:1      | Icepheonix32 the Demonspawn Fighter began the quest for the
                  | Orb.
     0 | D:1      | Reached XP level 1. HP: 18/18 MP: 1/1
   111 | D:1      | Gained mutation: A weak demonic guardian rushes to your
                  | aid. [demonic ancestry]
   111 | D:1      | Reached XP level 2. HP: 8/24 MP: 2/2
   760 | D:1      | Gained mutation: Your movements are slightly less
                  | encumbered by armour. (ER -2) [demonic ancestry]
   760 | D:1      | Reached XP level 3. HP: 29/29 MP: 3/3
  1531 | D:2      | Identified the +4 mace of Ucsu Zay {spect, Str+2}
  1732 | D:2      | Gained mutation: You have a small tail. [demonic ancestry]
  1732 | D:2      | Reached XP level 4. HP: 35/35 MP: 4/4
  2203 | D:3      | Found a stormy altar of Qazlal.
  2371 | D:3      | Found a transporter.
  2399 | D:3      | Found a transporter.
  2609 | D:3      | Found a faded altar of an unknown god.
  2913 | D:3      | Reached XP level 5. HP: 38/42 MP: 5/5
  2920 | D:3      | Reached skill level 1 in Maces & Flails
  3066 | D:3      | Reached skill level 1 in Stealth
  3235 | D:4      | Noticed dornbeast's ghost (weakling DsDe)
  3236 | D:4      | Noticed an ice beast
  3268 | D:4      | Found a runed translucent gate.
  3268 | D:4      | Found a runed translucent gate.
  3268 | D:4      | Found a runed translucent gate.
  3329 | D:4      | Reached XP level 6. HP: 48/48 MP: 6/6
  3343 | D:4      | Reached skill level 2 in Maces & Flails
  3515 | D:4      | Reached skill level 1 in Evocations
  3674 | D:4      | Reached skill level 3 in Maces & Flails
  3674 | D:4      | Reached skill level 1 in Dodging
  3764 | D:4      | Found a radiant altar of Vehumet.
  3768 | D:4      | Gained mutation: You have a tail ending in a sharp stinger.
                  | [demonic ancestry]
  3768 | D:4      | Reached XP level 7. HP: 32/55 MP: 3/7
  4437 | D:5      | Entered Level 5 of the Dungeon
  4490 | D:5      | Reached skill level 4 in Maces & Flails
  4552 | D:5      | Noticed Prince Ribbit
  4560 | D:5      | Killed Prince Ribbit
  4561 | D:5      | Reached skill level 5 in Maces & Flails
  4561 | D:5      | Reached XP level 8. HP: 44/61 MP: 8/8
  4571 | D:5      | Noticed GilGalad's ghost (novice DjFE)
  4594 | D:5      | Found a transporter.
  4599 | D:5      | Found a transporter.
  4674 | D:5      | Reached skill level 5 in Armour
  4746 | D:5      | Found a sand-covered staircase.
  4759 | Ossuary  | Entered an ossuary
  4971 | Ossuary  | Reached skill level 5 in Fighting
  4983 | Ossuary  | Identified the +8 scimitar of the Vase {protect, rElec
                  | rPois Int-5 Dex-2}
  5192 | D:5      | Reached skill level 6 in Maces & Flails
  5506 | D:5      | Found the +7 Singing Sword {vorpal, sonic wave}
  5857 | D:6      | Noticed Pikel
  5878 | D:6      | Killed Pikel
  5879 | D:6      | Reached skill level 7 in Maces & Flails
  5879 | D:6      | Gained mutation: A demonic guardian rushes to your aid.
                  | [demonic ancestry]
  5879 | D:6      | Reached XP level 9. HP: 58/68 MP: 7/9
  5933 | D:6      | Found Reariaci's CLEARANCE SALE!.
  6254 | D:6      | Noticed Maggie
  6269 | D:6      | Killed Maggie
  6486 | D:6      | Found a runed translucent door.
  6516 | D:6      | Noticed crux's ghost (novice OpTm)
  6534 | D:6      | Found a runed translucent door.
  6740 | D:6      | You fall into a shaft and drop 1 floor!
  6740 | D:7      | Found a staircase to the Ecumenical Temple.
  6786 | D:7      | Found Qefemica's Elemental Accessories.
  6786 | D:7      | Noticed Joseph
  6794 | D:7      | Blown up by Joseph

Illustrated notes

Levels and vault maps discovered:
D:1:      lightli_arrival_maybe_door_vault, layout_loops_ring
D:2:      layout_basic, serial_forest, infiniplex_forest_lined_corner,
          infiniplex_forest_clump_small, infiniplex_forest_straight_2,
          infiniplex_forest_lined_ring, infiniplex_forest_clump_small,
          infiniplex_forest_clump_small, infiniplex_forest_lined_4_way,
          infiniplex_forest_lined_corner, infiniplex_forest_clump_tiny,
          infiniplex_forest_clump_double
D:3:      gammafunk_steamed_eel, layout_basic, nicolae_qazlal_general_emergency,
          chequers_ecumenical_altar_twisty, serial_park_tiny_2
D:4:      layout_loops_ring, nicolae_tso_besieged_by_evil, vehumet_crystals,
          gammafunk_ghost_icy, serial_aquarium, aquarium_bridge_square
          [aquarium_subvault_bridge, aquarium_subvault_wall,
          aquarium_subvault_bridge, aquarium_subvault_wall], aquarium_window_1,
          aquarium_window_corridor_3, aquarium_window_corner, aquarium_window_2,
          aquarium_view_2b, aquarium_balcony_1b
D:5:      old_forge, layout_loops_ring, elyvilon_altar_3, gammafunk_ghost_smash,
          nicolae_ossuary_entry_monument, lightli_corner_chamber,
          uniq_prince_ribbit1
D:6:      layout_loops_corners, ebering_ghost_sewer_f, hangedman_decor_growths,
          eino_tiny_chamber, nicolae_shop_clearance, uniq_pikel, uniq_maggie
D:7:      minmay_recursive_quarters, layout_loops_ring,
          mainiacjoe_overflow_tiny_flanked, temple_doors_ab,
          gammafunk_ghost_necromancy, nicolae_elemental_shop,
          chequers_arboretum, minmay_misc_feat_iff, minmay_misc_feat_alley,
          kennysheep_generic_room_10, uniq_joseph, uniq_menkaure

Skill      XL: |  1  2  3  4  5  6  7  8 |
---------------+-------------------------+-----
Long Blades    | 2 3 |  3.4
Shields        | 3 4 |  4.4
Armour         | 3 4 5 |  5.8
Fighting       | 4 5 |  5.8
Maces & Flails | 1 3 5 7 |  7.8
Stealth        | 1 |  1.4
Evocations     | 1 |  1.5
Dodging        | 1 |  1.9

Action                   |  1- 3 |  4- 6 |  7- 9 || total
-------------------------+-------+-------+-------++-------
Melee: Long sword        |   118 |       |       ||   118
       Mace              |     7 |    89 |   207 ||   303
       Tailslap          |       |    11 |    26 ||    37
       Scimitar          |       |       |    25 ||    25
Evoke: Wand              |       |     5 |     2 ||     7
  Use: Scroll            |       |       |     8 ||     8
       Potion            |       |       |     1 ||     1
Armor: Scale mail        |    38 |       |       ||    38
       Storm dragon scal |    36 |    45 |   119 ||   200
Dodge: Dodged            |    47 |    22 |    75 ||   144
Block: Buckler           |    29 |    19 |    29 ||    77
